 Dungeon Sprint DCSS version 0.26-a0-682-g294304f6e8 (webtiles) character file.

Game seed: 4268590228024267758

403500 sahdkjhfkaj the Middleweight Champion (level 23, -3/216 HPs)
             Began as a Ghoul Monk on Oct 21, 2020.
             Was the Champion of Ru.
             Killed by divine providence
             ... invoked by a daeva
              (13 damage)
             ... in the Dungeon (Sprint VII: "The Pits").
             The game lasted 00:56:44 (13912 turns).

sahdkjhfkaj the Middleweight Champion (Ghoul Monk) Turns: 13912, Time: 00:56:45

Health: -3/216     AC: 47    Str: 30    XL:     23   Next: 35%
Magic:  53/53      EV: 33    Int:  7    God:    Ru [******]
Gold:   87         SH: 44    Dex: 22    Spells: 76/76 levels left

rFire    + + .     SeeInvis +     - Unarmed
rCold    + + +     Faith    .   D - +10 tower shield of Ignorance {rN+ Int-4}
rNeg     + + +     Spirit   .   C - +8 gold dragon scales
rPois    ∞         Reflect  +   m - +1 helmet of Ytoumeri {Str+2 Dex+5 SInv}
rElec    +         Harm     .   y - +4 cloak
rCorr    .         Rampage  .   n - +1 pair of gloves
MR       +....     NoTele   +   (no boots)
Stlth    ..........             j - amulet "Akkeesec" {Reflect +Blink Str+3 Int+9 Dex-4 SH+5}
HPRegen  0.00/turn              f - ring "Daenlin" {rElec rC+ Int-3 Dex+10 SInv}
MPRegen  0.33/turn              p - ring of the Hippo {rPois rF+ EV+6}

@: exhausted, glowing
A: rotting body, claws 1, cold resistance 1, frail 1, negative energy resistance
3, inhibited regeneration, torment resistance, unbreathing, no stealth,
inability to use devices, hated by all, no fire magic, no translocations magic,
no transmutations magic
}: 2/3 runes: silver, iron
a: Draw Out Power, Power Leap, Apocalypse, Renounce Religion


You were in the Dungeon.
You worshipped Ru.
Ru was exalted by your worship.
You visited 1 branch You collected 87 gold pieces.

Inventory:

Armour
 m - the +1 helmet of Ytoumeri (worn) {Str+2 Dex+5 SInv}
   (You found it in the Dungeon)

   It affects your strength (+2).
   It affects your dexterity (+5).
   It lets you see invisible.
 n - a +1 pair of gloves (worn)
 y - a +4 cloak (worn)
 C - +8 gold dragon scales (worn)
 D - the +10 tower shield of Ignorance (worn) {rN+ Int-4}
   (You found it in the Dungeon)

   It affects your intelligence (-4).
   It protects you from negative energy.
Jewellery
 f - the ring "Daenlin" (left hand) {rElec rC+ Int-3 Dex+10 SInv}
   (You found it in the Dungeon)

   [ring of see invisible]

   It affects your intelligence (-3).
   It affects your dexterity (+10).
   It protects you from cold.
   It insulates you from electricity.
   It lets you see invisible.
 j - the amulet "Akkeesec" (around neck) {Reflect +Blink Str+3 Int+9 Dex-4 SH+5}
   (You found it in the Dungeon)

   [amulet of reflection]

   It shields you and reflects attacks.
   It affects your strength (+3).
   It affects your intelligence (+9).
   It affects your dexterity (-4).
   It lets you blink.
   It affects your SH (+5).
 p - the ring of the Hippo (right hand) {rPois rF+ EV+6}
   (You found it in the Dungeon)

   [ring of evasion]

   It affects your evasion (+6).
   It protects you from fire.
   It protects you from poison.
Scrolls
 h - 8 scrolls of remove curse
 i - 6 scrolls of amnesia
 q - 3 scrolls of identify
 r - 4 scrolls of fear
 s - 3 scrolls of enchant armour
 u - 4 scrolls of fog
 v - 2 scrolls of magic mapping
 w - a scroll of blinking
 A - a scroll of enchant weapon
Potions
 a - 2 potions of mutation {!q}
 b - 15 potions of curing {!q}
 c - 3 potions of heal wounds {!q}
 d - a potion of haste {!q}
 e - 7 potions of magic {!q}
 g - 2 potions of invisibility {!q}
 k - 2 potions of flight {!q}
 t - 3 potions of stabbing {!q}
 x - a potion of brilliance {!q}
 B - 2 potions of resistance {!q}
Miscellaneous
 o - a condenser vane (2/2)


   Skills:
 O Level 27 Fighting
 O Level 27 Throwing
 O Level 27 Armour
 O Level 27 Dodging
 O Level 27 Shields
 O Level 27 Unarmed Combat
 O Level 27 Spellcasting


You had 76 spell levels left.
You didn't know any spells.
Your spell library contained the following spells:

 Spells                   Type           Power        Failure   Level
 Shock                    Conj/Air       #...         16%         1
 Ozocubu's Armour         Ice            #.......     41%         3
 Static Discharge         Conj/Air       #.......     41%         3
 Hailstorm                Conj/Ice       #.......     83%         4
 Lightning Bolt           Conj/Air       #.........   99%         5
 Conjure Ball Lightning   Conj/Air       #.........   100%        6
 Shatter                  Erth           #.........   100%        9
 Tornado                  Air            #.........   100%        9
 Beastly Appendage        Tmut           Unusable     N/A         1
 Wereblood                Tmut           Unusable     N/A         2
 Spider Form              Tmut/Pois      Unusable     N/A         3
 Ice Form                 Ice/Tmut       Unusable     N/A         4
 Blade Hands              Tmut           Unusable     N/A         5
 Summon Demon             Summ           Unusable     N/A         5
 Summon Forest            Summ/Tloc      Unusable     N/A         5
 Summon Mana Viper        Hex/Summ       Unusable     N/A         5
 Shadow Creatures         Summ           Unusable     N/A         6
 Summon Hydra             Summ           Unusable     N/A         7
 Ignition                 Fire           Unusable     N/A         8

Dungeon Overview and Level Annotations

Branches:
Dungeon (1/1)

Altars:
Ashenzari
Cheibriados
Dithmenos
Elyvilon
Fedhas
Gozag
Hepliaklqana
Kikubaaqudgha
Makhleb
Nemelex Xobeh
Okawaru
Qazlal
Ru
Sif Muna
Trog
Uskayaw
Vehumet
Wu Jian
Xom
Yredelemnul
Zin
The Shining One
Beogh
Jiyva
Lugonu


Innate Abilities, Weirdness & Mutations

Your body is rotting away.
You thrive by killing the living.
You are immune to poison.
You have sharp fingernails.
Your flesh is cold resistant. (rC+)
You are frail. (-10% HP)
You are immune to negative energy. (rN+++)
You do not regenerate when monsters are visible.
You are immune to unholy pain and torment.
You can survive without breathing.
You cannot be stealthy.
You cannot study or use magical devices.
You are hated by all.
You cannot study or cast Fire magic.
You cannot study or cast Translocations magic.
You cannot study or cast Transmutations magic.


Message History

You feel much better.
The daeva calls down the wrath of the Shining One upon you.
The Shining One smites you!
* * * LOW HITPOINT WARNING * * *
The daeva calls down the wrath of the Shining One upon you.
The Shining One smites you!
* * * LOW HITPOINT WARNING * * *
You hit the daeva but do no damage.
The daeva is almost dead.
You block the daeva's attack. x2
The daeva blocks your attack.
The daeva is almost dead.
You pummel the daeva!!
You kill the daeva!
The daeva calls down the wrath of the Shining One upon you.
The Shining One smites you!
* * * LOW HITPOINT WARNING * * *
The daeva calls down the wrath of the Shining One upon you.
The Shining One smites you!
You die...

####'.'##.'##.'##[")[###'#
##.'...'...'...')=["==##.#
#####.###.###.##)=.)=[##'#
#'# #'# ####==[)[)##)#
####.###.###.###""=)###'#
#.'...'...'...####### #A#
#'##.###.###.###.'#.###A#
##.###.#'#.###.###)..##A#
##'#'.##'.##†.##@A'#.###A#
##.#.......#...#A..#'# #.#
# #)#)###)###.'##.##A###'#
###.###.###.###.'##AAA##.##
##...)}..[..['...##(.##AA)#
##.###.###.###.##)##A(AAA#
### ### ### ##########.##
########################'#
"=#...................##)#


You could see 2 daevas.

Vanquished Creatures
  Antaeus (D)
  Ereshkigal (D)
  Ignacio (D)
  Dissolution (D)
  Gloorx Vloq (D)
  Mnoleg (D)
  Lom Lobon (D)
  Mara (D)
  5 orbs of fire (D)
  Mennas (D)
  Khufu (D)
  5 ancient liches (D)
  6 greater mummies (D)
  2 Killer Klowns (D)
  the Lernaean hydra (D)
  2 curse toes (D)
  Frederick (D)
  Xtahua (D)
  Geryon (D)
  Nikola (D)
  A golden dragon (D)
  Jory (D)
  A bone dragon (D)
  2 pearl dragons (D)
  2 liches (D)
  2 Tzitzimimeh (D)
  2 electric golems (D)
  A Brimstone Fiend (D)
  3 hellephants (D)
  2 tentacled monstrosities (D)
  4 Hell Sentinels (D)
  3 Ice Fiends (D)
  19 Orb Guardians (D)
  4 titans (D)
  3 deep elf master archers (D)
  4 pandemonium lords (D)
  2 quicksilver dragons (D)
  2 acid blobs (D)
  2 deep elf blademasters (D)
  A sphinx (D)
  2 draconian monks (D)
  3 shadow dragons (D)
  An azure jelly (D)
  Ilsuiw (D)
  7 daevas (D)
  An iron dragon (D)
  A ghost moth (D)
  2 deep elf sorcerers (D)
  6 orc warlords (D)
  4 nagarajas (D)
  2 fire giants (D)
  6 cacodemons (D)
  A balrug (D)
  8 frost giants (D)
  A draconian scorcher (D)
  2 ghouls (D)
  2 draconian shifters (D)
  13 angels (D)
  Louise (D)
  3 draconian annihilators (D)
  A war gargoyle (D)
  2 green draconians (D)
  2 spriggan defenders (D)
  4 vampire knights (D)
  2 stone giants (D)
  An ophan (D)
  A deep elf annihilator (D)
  An apis (D)
  2 deep elf demonologists (D)
  3 purple draconians (D)
  A red draconian (D)
  A minotaur (D)
  2 white draconians (D)
  A dire elephant (D)
  A black draconian (D)
  An ettin (D)
  2 deep elf death magi (D)
  2 death oozes (D)
  2 blizzard demons (D)
  5 mummy priests (D)
  2 merfolk javelineers (D)
  A fire dragon (D)
  8 green deaths (D)
  2 merfolk impalers (D)
  A hydra (shapeshifter) (D)
  2 yaktaur captains (D)
  2 great orbs of eyes (D)
  4 naga warriors (D)
  2 vault guards (D)
  A two-headed ogre (D)
  A boulder beetle (D)
  An alligator snapping turtle (D)
  An ice dragon (D)
  2 spriggan air magi (D)
  2 catoblepae (D)
  2 death knights (D)
  A dancing weapon (D)
  An iron elemental (D)
  2 merfolk avatars (D)
  2 alligators (D)
  10 vampire magi (D)
  A death yak (D)
  An ogre mage (D)
  Urug (D)
  5 hell knights (D)
  7 deep elf knights (D)
  A salamander mystic (D)
  2 iron trolls (D)
  A shadow wraith (D)
  3 sun demons (D)
  26 skeletal warriors (D)
  A spriggan druid (D)
  4 wizards (D)
  2 cherubim (D)
  2 swamp dragons (D)
  4 flayed ghosts (D)
  9 orc knights (D)
  8 harpies (D)
  A necromancer (D)
  3 deep elf magi (D)
  A wolf spider (D)
  A cyclops (D)
  2 orc sorcerers (D)
  A manticore (D)
  A merfolk siren (D)
  2 moths of wrath (D)
  Psyche (D)
  A naga mage (D)
  An eye of devastation (D)
  A gargoyle (D)
  2 tormentors (D)
  A freezing wraith (D)
  4 yaktaurs (D)
  3 ice devils (D)
  A hellwing (D)
  3 red devils (D)
  2 trolls (D)
  3 merfolk (D)
  2 hornets (D)
  2 wind drakes (D)
  A raiju (shapeshifter) (D)
  A snapping turtle (D)
  A spriggan (D)
  A shadow (D)
  6 redbacks (D)
  3 ynoxinuls (D)
  A large abomination (D)
  An air elemental (D)
  5 wraiths (D)
  8 vampires (D)
  6 yaks (D)
  A water elemental (D)
  A chaos spawn (D)
  A fire elemental (D)
  5 nagas (D)
  6 insubstantial wisps (D)
  5 wargs (D)
  An acid dragon (D)
  A water moccasin (D)
  4 floating eyes (D)
  2 swamp drakes (D)
  19 orc warriors (D)
  A sky beast (D)
  4 eyes of draining (D)
  An ogre (D)
  A phantom (D)
  A centaur (D)
  A big kobold (D)
  A bullfrog (D)
  A scorpion (D)
  11 killer bees (D)
  4 wights (D)
  6 orc priests (D)
  3 orc wizards (D)
  2 mummies (D)
  2 adders (D)
  3 river rats (D)
  3 ufetubi (D)
  2 adder zombies (D)
  2 adder skeletons (D)
  3 ball lightnings (D)
  4 adder simulacra (D)
  2 leopard geckos (D)
  27 orcs (D)
  2 ball pythons (D)
  4 bat skeletons (D)
  3 bat zombies (D)
  2 giant cockroaches (D)
  8 jackals (D)
  A quokka (D)
  A ball python simulacrum (D)
  A ball python skeleton (D)
  3 bat simulacra (D)
  A frilled lizard (D)
  A giant cockroach simulacrum (D)
  A giant cockroach zombie (D)
  A jackal simulacrum (D)
  A jackal zombie (D)
  A kobold (D)
  2 quokka simulacra (D)
  2 quokka skeletons (D)
  A rat (D)
  3 crawling corpses (D)
571 creatures vanquished.

Vanquished Creatures (others)
  A pandemonium lord (D)
  Margery (D)
  An electric golem (D)
  A Brimstone Fiend (D)
  2 titans (D)
  7 Orb Guardians (D)
  A ghost moth (D)
  An angel (D)
  A deep elf demonologist (D)
  A purple draconian (D)
  An ettin (D)
  A sixfirhy (D)
  2 orc knights (D)
  A hellion (D)
  A naga (D)
  4 orc warriors (D)
  An orc wizard (D)
  8 ball lightnings (D)
  7 orcs (D)
  A quokka zombie (D)
  A crawling corpse (D)
45 creatures vanquished.

Grand Total: 616 creatures vanquished

Notes
Turn   | Place    | Note
-------+----------+-------------------------------------------
     0 | D        | sahdkjhfkaj the Ghoul Monk began the quest for the Orb.
     0 | D        | Reached XP level 1. HP: 19/19 MP: 0/0
    18 | D        | Found a bloodstained altar of Trog.
    18 | D        | Found a shimmering blue altar of Sif Muna.
    18 | D        | Found a viscous altar of Jiyva.
    18 | D        | Found a hazy altar of Hepliaklqana.
    18 | D        | Found an opulent altar of Gozag.
    19 | D        | Found a glowing golden altar of the Shining One.
    19 | D        | Found a glowing silver altar of Zin.
    19 | D        | Found a basalt altar of Yredelemnul.
    19 | D        | Found a shimmering altar of Xom.
    19 | D        | Found an ornate altar of the Wu Jian Council.
    19 | D        | Found a sacrificial altar of Ru.
    19 | D        | Found a stormy altar of Qazlal.
    19 | D        | Found an iron altar of Okawaru.
    19 | D        | Found a sparkling altar of Nemelex Xobeh.
    19 | D        | Found a burning altar of Makhleb.
    19 | D        | Found a blossoming altar of Fedhas.
    19 | D        | Found a white marble altar of Elyvilon.
    19 | D        | Found a shadowy altar of Dithmenos.
    19 | D        | Found a snail-covered altar of Cheibriados.
    22 | D        | Found a corrupted altar of Lugonu.
    22 | D        | Found a radiant altar of Vehumet.
    22 | D        | Found a roughly hewn altar of Beogh.
    23 | D        | Found an ancient bone altar of Kikubaaqudgha.
    23 | D        | Found a hide-covered altar of Uskayaw.
    23 | D        | Found a broken altar of Ashenzari.
    27 | D        | Became a worshipper of Ru the Awakened
    46 | D        | Gained mutation: You cannot study or use magical devices.
                  | [Ru sacrifice]
    46 | D        | Reached * piety under Ru
    46 | D        | Reached ** piety under Ru
    69 | D        | Reached XP level 2. HP: 16/27 MP: 1/1
   221 | D        | Reached skill level 5 in Unarmed Combat
   247 | D        | Reached XP level 3. HP: 24/34 MP: 2/2
   692 | D        | Noticed a bullfrog
   693 | D        | Noticed a big kobold
   708 | D        | Killed a bullfrog
   708 | D        | Reached skill level 5 in Fighting
   708 | D        | Reached XP level 4. HP: 19/44 MP: 3/3
   715 | D        | Reached skill level 5 in Dodging
   715 | D        | Reached XP level 5. HP: 14/51 MP: 4/4
   728 | D        | Reached XP level 6. HP: 36/60 MP: 5/5
   733 | D        | Reached skill level 10 in Unarmed Combat
   857 | D        | Gained mutation: You are frail. (-10% HP) [Ru sacrifice]
   857 | D        | Reached *** piety under Ru
   857 | D        | Reached **** piety under Ru
   875 | D        | Noticed an ice devil
   885 | D        | Killed an ice devil
   885 | D        | Reached XP level 7. HP: 35/63 MP: 6/6
  1062 | D        | Gained mutation: You cannot study or cast Fire magic. [Ru
                  | sacrifice]
  1062 | D        | Gained mutation: You cannot study or cast Transmutations
                  | magic. [Ru sacrifice]
  1062 | D        | Gained mutation: You cannot study or cast Translocations
                  | magic. [Ru sacrifice]
  1062 | D        | Reached ***** piety under Ru
  1293 | D        | Noticed Urug
  1302 | D        | Reached skill level 10 in Fighting
  1302 | D        | Reached XP level 8. HP: 46/71 MP: 7/7
  1315 | D        | Killed Urug
  1465 | D        | Noticed a water elemental
  1465 | D        | Noticed a flayed ghost
  1470 | D        | Killed a water elemental
  1477 | D        | Killed a flayed ghost
  1477 | D        | Reached skill level 15 in Unarmed Combat
  1477 | D        | Reached XP level 9. HP: 73/80 MP: 8/8
  1511 | D        | Reached skill level 10 in Dodging
  1592 | D        | Noticed Psyche
  1602 | D        | Killed Psyche
  1604 | D        | Noticed a merfolk siren
  1615 | D        | Killed a merfolk siren
  1626 | D        | Reached XP level 10. HP: 42/89 MP: 2/9
  1636 | D        | Gained mutation: You cannot be stealthy. [Ru sacrifice]
  1881 | D        | Noticed a death yak
  1891 | D        | Killed a death yak
  1965 | D        | Noticed a catoblepas
  1965 | D        | Noticed a nagaraja
  1966 | D        | Noticed a cyclops
  1967 | D        | Killed a shadow wraith
  1967 | D        | Killed a nagaraja
  1967 | D        | Reached XP level 11. HP: 99/99 MP: 10/10
  1967 | D        | Killed a cyclops
  2013 | D        | Killed a catoblepas
  2220 | D        | Gained mutation: You are hated by all. [Ru sacrifice]
  2220 | D        | Reached ****** piety under Ru
  2228 | D        | Noticed an orc knight
  2238 | D        | Killed an orc knight
  2246 | D        | Reached skill level 15 in Fighting
  2255 | D        | Noticed a harpy
  2256 | D        | Noticed a harpy
  2257 | D        | Noticed a harpy
  2263 | D        | Killed a harpy
  2268 | D        | Killed a harpy
  2270 | D        | Killed a harpy
  2270 | D        | Reached skill level 5 in Armour
  2370 | D        | Noticed a swamp dragon
  2390 | D        | Killed a swamp dragon
  2806 | D        | Noticed a skeletal warrior
  2806 | D        | Noticed a skeletal warrior
  2807 | D        | Noticed a skeletal warrior
  2807 | D        | Noticed a skeletal warrior
  2874 | D        | Killed a skeletal warrior
  2877 | D        | Killed a skeletal warrior
  2877 | D        | Reached skill level 10 in Armour
  2880 | D        | Killed a skeletal warrior
  2880 | D        | Reached XP level 12. HP: 52/107 MP: 0/11
  3144 | D        | Noticed a two-headed ogre
  3153 | D        | Killed a two-headed ogre
  3448 | D        | Noticed a sun demon
  3456 | D        | Killed a sun demon
  3635 | D        | Noticed a death knight
  3643 | D        | Killed a death knight
  3760 | D        | Noticed an orc warlord
  3761 | D        | Noticed an orc warlord
  3763 | D        | Reached XP level 13. HP: 103/117 MP: 12/12
  3812 | D        | Noticed a deep elf sorcerer
  3818 | D        | Killed a deep elf sorcerer
  3838 | D        | Noticed a yaktaur captain
  3918 | D        | HP: 5/120 [deep elf knight/shard of ice (40)]
  3953 | D        | HP: 3/120 [orc knight/+3 bardiche (22)]
  4404 | D        | Killed a yaktaur captain
  4576 | D        | Reached skill level 1 in Shields
  4708 | D        | Reached skill level 5 in Shields
  4729 | D        | Killed an orc warlord
  5087 | D        | Noticed a purple draconian
  5096 | D        | Killed a purple draconian
  5096 | D        | Reached skill level 10 in Shields
  5699 | D        | Noticed a merfolk javelineer
  5738 | D        | Reached XP level 14. HP: 33/128 MP: 13/13
  6454 | D        | Reached skill level 15 in Shields
  6512 | D        | Noticed a deep elf annihilator
  6512 | D        | Noticed a deep elf demonologist
  6546 | D        | Killed a deep elf annihilator
  6654 | D        | Noticed a nagaraja
  6666 | D        | Killed a nagaraja
  6761 | D        | Noticed a yellow draconian monk
  6769 | D        | Noticed an Ice Fiend
  6783 | D        | Killed a deep elf demonologist
  6810 | D        | Killed a yellow draconian monk
  6844 | D        | Identified the +5 broad axe "Tifaguf" {protect, rF- Str+5}
  7055 | D        | Noticed a red draconian annihilator
  7064 | D        | Killed a red draconian annihilator
  7073 | D        | Noticed a white draconian annihilator
  7081 | D        | Killed a white draconian annihilator
  7269 | D        | Noticed a purple draconian scorcher
  7278 | D        | Killed a purple draconian scorcher
  7394 | D        | Noticed a green draconian
  7412 | D        | Killed a green draconian
  7428 | D        | Noticed a stone giant
  7439 | D        | Noticed a deep elf sorcerer
  7446 | D        | Killed a stone giant
  7446 | D        | Killed a deep elf sorcerer
  7448 | D        | Noticed a titan
  7455 | D        | Reached XP level 15. HP: 83/134 MP: 6/14
  7456 | D        | Noticed a black draconian shifter
  7470 | D        | Killed a titan
  7481 | D        | Killed a black draconian shifter
  7682 | D        | Got the ring "Itepp" {rC+ MR- Dex+6 Stlth+}
  7685 | D        | Got the ring "Jiucsan" {rPois EV+6}
  7688 | D        | Got the ring "Sistaletzi" {Ice +Fly rElec Stlth+}
  7691 | D        | Got the ring "Daenlin" {rElec rC+ Int-3 Dex+10 SInv}
  7700 | D        | Got the ring of Fedhas's Envy {rC+ AC+6 Dex+2}
  7703 | D        | Got the ring "Qynt" {rN++ Int+6 Dex-3}
  7706 | D        | Got the ring "Innut" {Ice rPois}
  7709 | D        | Got the ring of Secrets {Wiz Int+2 Dex-5 SInv}
  7712 | D        | Got the ring "Yrishriko" {rPois Str+6}
  7715 | D        | Got the ring of the Hippo {rPois rF+ EV+6}
  7718 | D        | Got the ring "Siffebe" {rElec rF+ MP-9 Str+4}
  7721 | D        | Got the ring of Hebes {+Fly rC+ MP+9 Dex+2}
  7724 | D        | Got the ring of Okawaru's Indignation {rC+ rN++ Str+2}
  7759 | D        | Got the amulet of Jays Pom {Faith Str+2}
  7762 | D        | Got the ring of Wariness {+Fly rN+}
  7765 | D        | Got the amulet of Tension {Acrobat rN+}
  7768 | D        | Got the amulet "Akkeesec" {Reflect +Blink Str+3 Int+9 Dex-4
                  | SH+5}
  7775 | D        | Got the amulet "Isoimuw" {Reflect +Blink SH+5}
  7802 | D        | Got the ring of Wixakid {+Fly Stlth+}
  7806 | D        | Got the amulet "Ewarghot" {Faith +Blink Str+4 Int+3 Dex-5}
  7810 | D        | Got the amulet of Gozag's Favour {Spirit rF+ Dex+3 Slay+3
                  | Stlth+}
  7813 | D        | Got the amulet "Quchot" {rElec Regen+ SInv}
  7816 | D        | Got the amulet of Rashrena {Faith rC+ MR+ Int+2 Stlth+}
  7819 | D        | Got the amulet of Vazibaits {Faith rC+ Str+4 Int+4}
  7822 | D        | Got the amulet of Simmelop {Faith Dex+3}
  7825 | D        | Got the amulet "Wamoicokir" {Reflect rPois rC+ Str-2 Int+4
                  | SH+5}
  7916 | D        | Noticed a tentacled monstrosity
  7961 | D        | Killed a tentacled monstrosity
  8102 | D        | Noticed a daeva
  8126 | D        | Killed a daeva
  8273 | D        | Noticed Ilsuiw
  8274 | D        | Noticed a frost giant
  8274 | D        | Noticed a balrug
  8300 | D        | Killed a frost giant
  8312 | D        | Killed a balrug
  8316 | D        | Killed Ilsuiw
  8522 | D        | Identified the +1 chain mail "Uxtistiu" {Dex+7 SInv}
  8641 | D        | Identified the +8 shortbow "Guckirem" {vorpal, rElec rPois
                  | Str+2 Int-2}
  8641 | D        | Noticed an angel
  8651 | D        | Killed an angel
  8657 | D        | Noticed a nagaraja
  8671 | D        | Killed a nagaraja
  8694 | D        | Reached XP level 16. HP: 143/143 MP: 15/15
  8699 | D        | Identified the ring of Amorality {rF+ Stlth+}
  8716 | D        | Reached skill level 15 in Dodging
  8727 | D        | Reached skill level 15 in Armour
  8786 | D        | Got the ring "Ciopsy" {rF+ Dex+6}
  8792 | D        | Noticed a storm dragon
  8792 | D        | a death yak changed into a storm dragon
  8793 | D        | a storm dragon changed into an emperor scorpion
  8798 | D        | Paralysed by a great orb of eyes for 6 turns
  8842 | D        | Noticed an orb of fire
  8872 | D        | Killed an orb of fire
  8997 | D        | Got Uzidock's Almanac of the Icy Birds
  9007 | D        | Got the +1 helmet of Ytoumeri {Str+2 Dex+5 SInv}
  9162 | D        | Noticed a lich
  9162 | D        | Noticed a lich
  9172 | D        | Killed a lich
  9197 | D        | Paralysed by a vampire knight for 2 turns
  9202 | D        | Killed a lich
  9228 | D        | Reached XP level 17. HP: 126/155 MP: 12/16
  9336 | D        | Got a silver rune of Zot
  9552 | D        | Noticed Jory
  9573 | D        | Killed Jory
  9679 | D        | Noticed a Hell Sentinel
  9692 | D        | Killed a Hell Sentinel
  9747 | D        | Noticed an orb of fire
  9758 | D        | Killed an orb of fire
  9758 | D        | Reached skill level 27 in Unarmed Combat
  9829 | D        | Noticed a Tzitzimitl
  9834 | D        | Noticed Louise
  9838 | D        | Killed a Tzitzimitl
  9843 | D        | Killed Louise
  9936 | D        | Noticed an ancient lich
  9946 | D        | Noticed an Ice Fiend
  9950 | D        | Killed an Ice Fiend
  9954 | D        | Killed an ancient lich
  9967 | D        | Noticed Geryon
 10008 | D        | Killed Geryon
 10010 | D        | Noticed a Killer Klown
 10015 | D        | Killed a Killer Klown
 10034 | D        | Noticed a Hell Sentinel
 10050 | D        | Killed a Hell Sentinel
 10054 | D        | Noticed Ytevvaz the pandemonium lord
 10057 | D        | Noticed Dissolution
 10067 | D        | Killed Ytevvaz the pandemonium lord
 10067 | D        | Reached XP level 18. HP: 113/175 MP: 9/17
 10068 | D        | Noticed Ereshkigal
 10070 | D        | Noticed a quicksilver dragon
 10070 | D        | Noticed Omeant the pandemonium lord
 10070 | D        | Noticed Mara
 10097 | D        | Noticed a Brimstone Fiend
 10109 | D        | Killed Ereshkigal
 10113 | D        | Killed Dissolution
 10118 | D        | Killed a quicksilver dragon
 10118 | D        | Reached skill level 27 in Fighting
 10127 | D        | Killed Mara
 10127 | D        | Noticed a greater mummy
 10130 | D        | Paralysed by a sphinx for 6 turns
 10141 | D        | Killed a greater mummy
 10145 | D        | Killed Omeant the pandemonium lord
 10159 | D        | Noticed an ancient lich
 10171 | D        | Killed an ancient lich
 10192 | D        | Noticed Ignacio
 10211 | D        | Killed Ignacio
 10520 | D        | Noticed an orb of fire
 10520 | D        | Noticed a hellephant
 10520 | D        | Noticed a titan
 10530 | D        | Killed an orb of fire
 10532 | D        | Killed a titan
 10532 | D        | Reached XP level 19. HP: 168/186 MP: 9/18
 10536 | D        | Killed a hellephant
 10559 | D        | Noticed a Hell Sentinel
 10568 | D        | Killed a Hell Sentinel
 10568 | D        | Noticed a Killer Klown
 10573 | D        | Killed a Killer Klown
 10574 | D        | Noticed a tentacled monstrosity
 10591 | D        | Noticed an orb of fire
 10594 | D        | Killed a tentacled monstrosity
 10599 | D        | Killed an orb of fire
 10858 | D        | Noticed an Ice Fiend
 10863 | D        | Killed an Ice Fiend
 10897 | D        | Found the +10 tower shield of Ignorance {rN+ Int-4}
 10900 | D        | Got the ring "Isoah" {*Slow rElec rPois rN+}
 10903 | D        | Got the ring of Myadd {Wiz *Corrode rN+ MR++ Dex+4}
 10906 | D        | Got an iron rune of Zot
 10921 | D        | Got the amulet "Hioloxti" {Spirit Int+2 SInv}
 10925 | D        | Got the amulet "Leli" {Faith rC+ Slay+2}
 10928 | D        | Got the ring "Cid Uvia" {Dex+3 Stlth-}
 10931 | D        | Got the ring "Rur Nos" {Fire rN+ MR+ Str+3 Int-3}
 10934 | D        | Got the ring "Zufesch" {Ice Dex+3}
 10938 | D        | Got the ring "Urull" {*Corrode +Fly rF+++ rC+ MR+}
 10941 | D        | Got the amulet "Oczuedun" {Acrobat Int-5 Dex+5 Slay+3}
 10944 | D        | Got the ring "Toutyiru" {*Corrode rElec Str+10 Dex+2
                  | Slay+4}
 10947 | D        | Got the ring "Jullejuw" {rF+ Str+7 Int+6 Dex-3 Stlth+}
 11056 | D        | Noticed Frederick
 11057 | D        | Noticed Margery
 11058 | D        | Noticed Nikola
 11059 | D        | Reached skill level 27 in Dodging
 11060 | D        | Reached skill level 27 in Armour
 11065 | D        | Reached skill level 5 in Throwing
 11066 | D        | Killed Margery
 11068 | D        | Killed Frederick
 11068 | D        | Reached skill level 10 in Throwing
 11097 | D        | Killed Nikola
 11109 | D        | Reached skill level 15 in Throwing
 11111 | D        | Noticed Gloorx Vloq
 11112 | D        | Noticed a hellephant
 11128 | D        | Noticed a Brimstone Fiend
 11131 | D        | Killed Gloorx Vloq
 11143 | D        | Killed a Brimstone Fiend
 11143 | D        | Reached XP level 20. HP: 140/194 MP: 9/19
 11173 | D        | Killed a hellephant
 11280 | D        | Paralysed by a floating eye for 2 turns
 11303 | D        | Noticed the 27-headed Lernaean hydra
 11305 | D        | Noticed Antaeus
 11308 | D        | Noticed an electric golem
 11310 | D        | Killed the 27-headed Lernaean hydra
 11331 | D        | Killed Antaeus
 11336 | D        | Killed an electric golem
 11424 | D        | Got the ring of Veresefi {Fire rElec Dex+6}
 11427 | D        | Got the ring of Mokheck {*Drain rElec rN+ MR+ Dex+5}
 11430 | D        | Got the amulet of Qoubut {Reflect Fragile rF+++ Str-4 Dex+8
                  | SH+5}
 11433 | D        | Got the ring of Xizihar {rPois rF+ rC+ rN+ Dex+4}
 11436 | D        | Got the amulet of Dalell {*Contam +Inv rN+ Regen+ Str+6}
 11439 | D        | Got the ring "Izeqazef" {MR+ Dex-4 Slay-6 SInv Stlth+}
 11442 | D        | Got the ring "Ubaitom" {rPois rF+ MR+}
 11445 | D        | Got the ring of Demons {rPois rF+ rN+ Dex-5 SInv}
 11514 | D        | Reached skill level 27 in Throwing
 11514 | D        | Reached skill level 1 in Spellcasting
 11516 | D        | Reached skill level 5 in Spellcasting
 11622 | D        | Noticed an ancient lich
 11624 | D        | Noticed a greater mummy
 11625 | D        | Reached skill level 10 in Spellcasting
 11625 | D        | Noticed Xtahua
 11627 | D        | Noticed a curse toe
 11632 | D        | Killed an ancient lich
 11632 | D        | Noticed Mennas
 11674 | D        | Reached skill level 15 in Spellcasting
 11682 | D        | Reached XP level 21. HP: 173/201 MP: 30/39
 11699 | D        | Killed Xtahua
 11713 | D        | Killed a greater mummy
 11745 | D        | Killed Mennas
 11764 | D        | Killed a curse toe
 12009 | D        | Noticed a greater mummy
 12010 | D        | Noticed a curse toe
 12010 | D        | Noticed an ancient lich
 12010 | D        | Noticed a greater mummy
 12011 | D        | Noticed Woicealyamp the pandemonium lord
 12015 | D        | Noticed an orb of fire
 12042 | D        | Killed an orb of fire
 12043 | D        | Killed an ancient lich
 12049 | D        | Killed a greater mummy
 12053 | D        | Killed a greater mummy
 12089 | D        | Killed a curse toe
 12089 | D        | Reached skill level 27 in Spellcasting
 12097 | D        | Killed Woicealyamp the pandemonium lord
 12113 | D        | Reached XP level 22. HP: 194/209 MP: 45/52
 12180 | D        | Noticed an ancient lich
 12197 | D        | Killed an ancient lich
 12197 | D        | Reached skill level 27 in Shields
 12231 | D        | Noticed Mnoleg
 12257 | D        | Killed Mnoleg
 12316 | D        | Noticed a greater mummy
 12317 | D        | Noticed Khufu
 12320 | D        | Noticed Nenifafy the pandemonium lord
 12339 | D        | Noticed Lom Lobon
 12349 | D        | Killed Nenifafy the pandemonium lord
 12375 | D        | Killed a greater mummy
 12379 | D        | Killed Lom Lobon
 13419 | D        | Killed Khufu
 13571 | D        | Noticed a greater mummy
 13585 | D        | Killed a greater mummy
 13609 | D        | Noticed a golden dragon
 13614 | D        | Killed a golden dragon
 13617 | D        | Noticed Honiary the pandemonium lord
 13628 | D        | Killed Honiary the pandemonium lord
 13628 | D        | Reached XP level 23. HP: 216/216 MP: 53/53
 13700 | D        | Identified the +1 dire flail "Dragon's Tongue" {spect,
                  | Fragile Int+2 Dex+5}
 13700 | D        | Identified the +1 dire flail "Dragon's Tongue" {spect,
                  | Fragile Int+2 Dex+5}
 13701 | D        | Found the +12 Vampire's Tooth {vamp}
 13880 | D        | HP: 4/216 [daeva/+3 long sword of holy wrath (7)]
 13885 | D        | HP: 7/216 [daeva/divine providence (12)]
 13896 | D        | HP: 2/216 [daeva/divine providence (14)]
 13911 | D        | HP: 10/216 [daeva/divine providence (15)]
 13912 | D        | Killed from afar by a daeva

Illustrated notes

Levels and vault maps discovered:
D:        pitsprint [storerooms_1, entrance_room_1, metal_vault_5, armoury_1,
          mini_pit_1, grid_room_1, main_hall_1, silver_pit, the_coven_3,
          the_vestibule_1, steel_vault_3, golden_pit, hallway_of_sentries,
          crystal_vault_5, iron_vault_4, final_vault]

Skill      XL: |  1  2  3  4  5  6  7  8  9 10 11 12 13 14 15 16 17 18 19 20 21 22 |
---------------+-------------------------------------------------------------------+-----
Fighting       | 4 5 6 7 9 10 11 12 14 15 16 18 21 25 27 | 27.0
Dodging        | 3 4 5 6 7 8 9 10 12 13 14 17 20 24 27 | 27.0
Unarmed Combat | 4 5 7 8 9 12 13 15 16 18 19 20 21 25 27 | 27.0
Stealth        | 0 |  0.0
Armour         | 10 13 14 17 20 24 27 | 27.0
Shields        | 12 20 25 26 27 | 27.0
Throwing       | 19 27 | 27.0
Spellcasting   | 15 27 | 27.0

Action                   |  1- 3 |  4- 6 |  7- 9 | 10-12 | 13-15 | 16-18 | 19-21 | 22-24 || total
-------------------------+-------+-------+-------+-------+-------+-------+-------+-------++-------
Melee: Unarmed           |    61 |    40 |    68 |   172 |   628 |   427 |   474 |   356 ||  2226
       Punch             |       |     2 |     2 |    12 |     2 |       |       |       ||    18
Invok: Sacrifice Artific |     1 |       |       |       |       |       |       |       ||     1
       Sacrifice Health  |       |     1 |       |       |       |       |       |       ||     1
       Sacrifice Arcana  |       |       |     1 |       |       |       |       |       ||     1
       Draw Out Power    |       |       |     1 |       |       |       |       |       ||     1
       Apocalypse        |       |       |     1 |     4 |    11 |    11 |     7 |     4 ||    38
       Sacrifice Stealth |       |       |       |     1 |       |       |       |       ||     1
       Sacrifice Love    |       |       |       |     1 |       |       |       |       ||     1
  Use: Potion            |       |     1 |     1 |       |     5 |    17 |     7 |    18 ||    49
       Scroll            |       |       |       |       |     2 |     1 |       |       ||     3
 Stab: Sleeping          |     1 |       |       |       |       |       |       |       ||     1
       Invisible         |       |       |     1 |     2 |     9 |       |     6 |     1 ||    19
       Petrified         |       |       |       |     3 |       |       |       |       ||     3
       Paralysed         |       |       |       |     9 |    11 |    19 |     4 |     1 ||    44
       Confused          |       |       |       |     1 |       |       |       |       ||     1
       Distracted        |       |       |       |     1 |     1 |     1 |     2 |     2 ||     7
       Petrifying        |       |       |       |       |       |       |       |     2 ||     2
Armor: Robe              |     5 |       |       |       |       |       |       |       ||     5
       Plate armour      |     7 |    15 |     8 |       |       |       |       |       ||    30
       Chain mail        |       |       |     7 |    64 |    64 |    16 |       |       ||   151
       Gold dragon scale |       |       |       |       |       |    50 |    86 |    33 ||   169
Dodge: Dodged            |    55 |     4 |    21 |   130 |   111 |    85 |   182 |    51 ||   639
Block: Tower shield      |       |       |       |       |   372 |   326 |   535 |   309 ||  1542
       Reflection        |       |       |       |       |     8 |    12 |    18 |     5 ||    43

Table legend: (Time is in decaauts) A = Elapsed time spent in this place. B = Non-inter-level travel time spent in this place. C = Inter-level travel time spent in this place. D = Time resting spent in this place. E = Time spent auto-exploring this place. F = Levels seen in this place. G = Mean time per level. A B C D E F G +--------+--------+--------+--------+--------+-----+--------+ Total | 12929 | 12256 | 673 | 7747 | 41 | 1 | 12929.0 | Dungeon | 12929 | 12256 | 673 | 7747 | 41 | 1 | 12929.0 | +--------+--------+--------+--------+--------+-----+--------+

Top non-repeatable levels by time:
       D: 12929 daAuts
